 Dungeon Crawl Stone Soup version 0.31.0-11-ge490571c62 (webtiles) character file.

Game seed: 17882496586533619320

4 qw the Shooter (level 1, 0/12 HPs)
             Began as a Deep Elf Hunter on Feb 5, 2024.
             Slain by a ball python (2 damage)
             ... on level 1 of the Dungeon.
             The game lasted 00:00:03 (129 turns).

qw the Shooter (Deep Elf Hunter)                     Turns: 129, Time: 00:00:04

Health: 0/12       AC:  3    Str:  8    XL:     1   Next: 58%
Magic:  3/3        EV:  9    Int: 13    God:
Gold:   9          SH:  0    Dex: 18    Spells: 0/0 levels left

rFire   . . .        a - +0 shortbow
rCold   . . .        (shield currently unavailable)
rNeg    . . .        c - +0 leather armour
rPois   .            (no helmet)
rElec   .            (no cloak)
rCorr   .            (no gloves)
SInv    .            (no boots)
Will    .....        (no amulet)
Stlth   ++           (no ring)
HPRegen 0.22/turn    (no ring)
MPRegen 0.08/turn

%: no passive effects
@: constricted
A: no striking features
a: no special abilities


You were on level 1 of the Dungeon.
You visited 1 branch of the dungeon, and saw 1 of its levels.

You collected 9 gold pieces.


   Skills:
 - Level 1.5 Fighting
 + Level 5.7 Ranged Weapons
 - Level 2.4 Dodging
 - Level 1.2 Stealth


You couldn't memorise any spells.
You didn't know any spells.
Your spell library was empty.

Inventory:

Hand Weapons
 a - a +0 shortbow (weapon)
Armour
 c - a +0 leather armour (worn)
Scrolls
 b - a scroll of butterflies
 e - a scroll of identify {unknown}
Potions
 d - a potion of curing {unknown}
 f - a potion of might {unknown}
 g - a potion of invisibility {unknown}

Dungeon Overview and Level Annotations

Branches:
Dungeon (1/15)

Altars:

Shops:
D:1 (


Message History

You kill the kobold!
You hear an angry hiss.
A ball python and a hobgoblin come into view.
Found 13 gold pieces.
The ball python moves out of view.
You shoot an arrow. The hobgoblin shouts!
The arrow hits the hobgoblin but does no damage.
You shoot an arrow. The arrow hits the hobgoblin.
The hobgoblin is heavily wounded.
You shoot an arrow. The arrow closely misses the hobgoblin.
You shoot an arrow. The arrow barely misses the hobgoblin.
The hobgoblin closely misses you.
You shoot an arrow. The arrow closely misses the hobgoblin.
The ball python barely misses you. x2
The hobgoblin hits you but does no damage.
You shoot an arrow. The arrow closely misses the hobgoblin.
The ball python barely misses you. The ball python grabs you.
The ball python constricts you. The hobgoblin hits you.
The ball python bites you but does no damage.
The ball python constricts you.
You shoot an arrow. The arrow hits the ball python.
The ball python is severely wounded.
The hobgoblin barely misses you. The ball python barely misses you.
The ball python constricts you.
You shoot an arrow.
The arrow hits the ball python but does no damage.
The ball python is severely wounded.
The hobgoblin hits you.
The ball python bites you but does no damage.
The ball python constricts you.
You shoot an arrow.
The arrow completely misses the ball python.
The ball python misses you. The ball python constricts you.
The hobgoblin hits you but does no damage.
The ball python bites you. The ball python constricts you.
The hobgoblin hits you.
You shoot an arrow.
The arrow closely misses the ball python.
The ball python bites you.
You die...

......... .......
#(....# #.....#####
#.?.)..$...
#..........
#..Sg...... ########
#@# #......# #.#
#......#####.######
#..................#
#..................#
#...\..............#
#......#####.#######
#......#####.##
#.............#


You could see a hobgoblin and a ball python.

Vanquished Creatures
  A goblin (D:1)
  A hobgoblin (D:1)
  2 kobolds (D:1)
4 creatures vanquished.

Notes
Turn   | Place    | Note
-------+----------+-------------------------------------------
     0 | D:1      | qw the Deep Elf Hunter began the quest for the Orb.
     0 | D:1      | Reached XP level 1. HP: 12/12 MP: 3/3
     0 | D:1      | 0 ||| qw: Version: 0.3-a-160-g6735b56
     0 | D:1      | 0 ||| qw: Game counter: 6573
     0 | D:1      | 0 ||| qw: Melee chars always use a shield: true
     0 | D:1      | 0 ||| qw: God list: Okawaru
     0 | D:1      | 0 ||| qw: Allow faded altars: false
     0 | D:1      | 0 ||| qw: Do Orc after clearing Dungeon:15 true
     0 | D:1      | 0 ||| qw: Do second Lair branch before Depths: true
     0 | D:1      | 0 ||| qw: Lair rune preference: random
     0 | D:1      | 0 ||| qw: Goals: Normal
     0 | D:1      | 0 ||| PLANNING D:1-11
   100 | D:1      | Found Nyihaps's Antique Weapon Emporium.
   128 | D:1      | HP: 2/12 [hobgoblin (2)]
   129 | D:1      | Slain by a ball python

Levels and vault maps discovered:
D:1:      psy_arrival_radial02, layout_basic, serial_shops, shop

Action                     || total
---------------------------++-------
   Fire: Shortbow          ||    18
 Armour: Leather armour    ||     9
  Dodge: Dodged            ||     7

Table legend:
 A = Non-vault XP
 B = Vault XP
 C = Vault XP percentage of total XP
 D = Non-vault monster count
 E = Vault monster count
 F = Vault count percentage of total count
                 A         B        C        D         E       F
            +---------+---------+-------+---------+---------+-------
      Total |       7 |       0 |   0.0 |       4 |       0 |   0.0
            +---------+---------+-------+---------+---------+-------
        D:1 |       7 |       0 |   0.0 |       4 |       0 |   0.0
            +---------+---------+-------+---------+---------+-------
